 Dungeon Crawl Stone Soup version 0.29-a0-283-ga02f740833 (webtiles) character file.

Game seed: 10591005832991595415

3563 Ajdolov the Fighter (level 10, -14/117 HPs)
             Began as an Ogre Fire Elementalist on Mar 13, 2022.
             Was a Believer of Vehumet.
             Demolished by an orc warrior
             ... wielding a +0 trident
              (17 damage)
             ... in a bailey.
             The game lasted 00:16:55 (8875 turns).

Ajdolov the Fighter (Ogre Fire Elementalist)        Turns: 8875, Time: 00:16:56

Health: -14/117    AC:  9    Str: 14    XL:     10   Next: 9%
Magic:  20/20      EV:  9    Int: 20    God:    Vehumet [**....]
Gold:   381        SH:  0    Dex:  9    Spells: 20/23 levels left

rFire   . . .      SeeInvis .   s - +2 whip (venom)
rCold   . . .      Faith    .   (no shield)
rNeg    . . .      Spirit   .   e - +0 troll leather armour
rPois   .          Reflect  .   (helmet restricted)
rElec   .          Harm     .   (no cloak)
rCorr   .          Rampage  .   (gloves unavailable)
Will    +....                   (boots unavailable)
Stlth   +.........              (no amulet)
HPRegen 1.09/turn               c - +4 ring of protection
MPRegen 0.17/turn               (no ring)

@: invisible
A: large, unfitting armour, tough skin 1
a: Renounce Religion


You were in a bailey.
You worshipped Vehumet.
Vehumet was pleased with you.
You visited 2 branches of the dungeon, and saw 8 of its levels.
You also visited: Bailey.

You collected 381 gold pieces.

Inventory:

Hand Weapons
 s - a +2 whip of venom (weapon)
Missiles
 r - a throwing net
 t - a curare-tipped dart
Armour
 e - a +0 troll leather armour (worn)
Jewellery
 c - a +4 ring of protection (left hand)
Wands
 a - a wand of polymorph (14)
Scrolls
 d - 2 scrolls of magic mapping {unknown}
 f - 3 scrolls of fear
 h - a scroll of enchant weapon {unknown}
 j - a scroll of noise {unknown}
 l - 2 scrolls of enchant armour {unknown}
 m - a scroll of blinking {unknown}
 o - a scroll of fog {unknown}
 p - a scroll of brand weapon {unknown}
 q - a scroll of immolation
Potions
 b - 2 potions of magic
 i - 2 potions of cancellation
 k - a potion of attraction


   Skills:
 * Level 12.4 Fighting
 - Level 2.1 Dodging
 - Level 1.7 Stealth
 - Level 7.1 Spellcasting
 + Level 6.4 Conjurations
 - Level 4.5 Fire Magic


You had 20 spell levels left.
You knew the following spells:

 Your Spells              Type           Power      Damage    Failure   Level
a - Foxfire               Conj/Fire      100%       2x1d9     1%          1
b - Scorch                Fire           50%        2d7       2%          2

Your spell library contained the following spells:

 Spells                   Type           Power      Damage    Failure   Level
 Shock                    Conj/Air       76%        1d7       3%          1
 Conjure Flame            Conj/Fire      28%        6-21      3%          3
 Flame Wave               Conj/Fire      28%        2d8       13%         4
 Inner Flame              Hex/Fire       16%        N/A       14%         3
 Gell's Gravitas          Tloc           7%         N/A       34%         3
 Lesser Beckoning         Tloc           7%         N/A       34%         3
 Teleport Other           Tloc           7%         N/A       34%         3


Dungeon Overview and Level Annotations

Branches:
Dungeon (7/15)             Temple (1/1) D:4          Bailey (1/1)

Altars:
Ashenzari
Elyvilon
Fedhas
Hepliaklqana
Kikubaaqudgha
Makhleb
Nemelex Xobeh
Okawaru
Qazlal
Uskayaw
Vehumet
Wu Jian
Xom
Zin
The Shining One
Lugonu

Shops:
D:5 (


Innate Abilities, Weirdness & Mutations

You are too large for most types of armour.
You have tough skin. (AC +1)


Message History

You feel invigorated. The orc barely misses you.
The orc warrior hits you from afar with a +0 glaive!
* * * LOW HITPOINT WARNING * * *
The orc warrior hits you with a +0 trident!
* * * LOW HITPOINT WARNING * * *
The orc hits you with a +0 halberd.
* * * LOW HITPOINT WARNING * * *
Things that are here:
a +0 trident; an orc corpse You hit the orc.
The orc is poisoned.
The orc is moderately wounded.
The orc warrior hits you with a +0 trident.
* * * LOW HITPOINT WARNING * * *
The orc warrior hits you from afar with a +0 glaive!
* * * LOW HITPOINT WARNING * * *
You closely miss the orc.
The orc is moderately wounded.
The orc warrior hits you but does no damage.
The orc hits you but does no damage. The orc warrior closely misses you.
Unknown command.
You closely miss the orc warrior.
You kill the orc!
Vehumet accepts your kill. The orc closely misses you.
The orc warrior hits you from afar with a +0 glaive!
* * * LOW HITPOINT WARNING * * *
The orc warrior hits you but does no damage.
It was a potion of invisibility.
You fade into invisibility!
The orc barely misses you. The orc warrior closely misses you.
The orc warrior hits you with a +0 trident!
* * * LOW HITPOINT WARNING * * *
You are too confused!
You're too confused to move!
You feel less invigorated.
You feel less confused. The orc hits you but does no damage.
The orc warrior hits you from afar with a +0 glaive.
* * * LOW HITPOINT WARNING * * *
The orc warrior hits you with a +0 trident!
You die...

#######
##..∩..##
#.......#
#∩.....∩#
#..).o..#
#..@.o..#
#.o#.#.)#
#.##8##)#
#..#.#.)#
#.)....)#
#.......#
#.......#
##.....##
###)###


You could see 2 orc warriors and an orc (can't see you).

Vanquished Creatures
  Pikel (D:4)
  Grinder (D:4)
  Sigmund (D:6)
  Menkaure (D:6)
  Edmund (D:5)
  2 water moccasins (D:6)
  4 ice beasts
  An orc warrior (D:6)
  A black bear (D:4)
  2 ogres
  A centaur (D:4)
  2 lemures
  2 phantoms
  2 kobold brigands (D:6)
  A necrophage (D:6)
  A gnoll sergeant (D:6)
  6 scorpions
  A hound (D:6)
  A jelly (D:6)
  3 orc priests
  2 gnoll shamans (D:5)
  4 iguanas
  An orc wizard (D:5)
  17 adders
  12 gnolls
  2 shadow imps
  2 white imps
  2 worms
  3 dart slugs (D:3)
  33 orcs
  8 ball pythons
  6 bats
  9 endoplasms
  7 giant cockroaches
  10 goblins
  7 hobgoblins
  4 quokkas
  4 frilled lizards
  9 kobolds
  8 rats
185 creatures vanquished.

Vanquished Creatures (others)
  21 foxfires (D:1)
21 creatures vanquished.

Grand Total: 206 creatures vanquished

Notes
Turn   | Place    | Note
-------+----------+-------------------------------------------
     0 | D:1      | Ajdolov the Ogre Fire Elementalist began the quest for the
                  | Orb.
     0 | D:1      | Reached XP level 1. HP: 16/16 MP: 3/3
    52 | D:1      | Reached skill level 1 in Conjurations
   405 | D:1      | Found a glowing golden altar of the Shining One.
   434 | D:1      | Reached XP level 2. HP: 17/24 MP: 0/5
   730 | D:1      | Learned a level 2 spell: Scorch
  1107 | D:1      | Found a faded altar of an unknown god.
  1220 | D:1      | Reached XP level 3. HP: 31/31 MP: 4/7
  2108 | D:2      | Reached XP level 4. HP: 39/39 MP: 2/9
  2979 | D:3      | Reached XP level 5. HP: 45/45 MP: 1/11
  3794 | D:4      | Noticed a centaur
  3794 | D:4      | Noticed an ice beast
  3814 | D:4      | HP: 1/45 [adder (2)]
  3819 | D:5      | Entered Level 5 of the Dungeon
  3901 | D:5      | Noticed a black bear
  3909 | D:5      | Reached skill level 5 in Spellcasting
  4184 | D:4      | Noticed Grinder
  4201 | D:4      | Paralysed by Grinder for 6 turns
  4211 | D:4      | Killed Grinder
  4212 | D:4      | Reached XP level 6. HP: 20/53 MP: 1/15
  4288 | D:4      | Found a staircase to the Ecumenical Temple.
  4292 | D:4      | Killed an ice beast
  4293 | D:4      | Reached XP level 7. HP: 59/59 MP: 6/17
  4309 | Temple   | Entered the Ecumenical Temple
  4435 | Temple   | Became a worshipper of Vehumet
  4684 | D:4      | Reached skill level 2 in Fighting
  5370 | D:5      | Noticed Edmund
  5379 | D:4      | Reached skill level 3 in Fighting
  5494 | D:5      | Found Wigais Tae's Weapon Shoppe.
  5756 | D:5      | Reached skill level 4 in Fighting
  5790 | D:5      | Reached XP level 8. HP: 78/78 MP: 14/18
  5872 | D:5      | Reached * piety under Vehumet
  5872 | D:5      | Offered knowledge of Sandblast by Vehumet.
  5945 | D:4      | Reached skill level 5 in Fighting
  6214 | D:4      | Reached skill level 6 in Fighting
  6272 | D:5      | Noticed Pikel
  6307 | D:4      | Killed Pikel
  6308 | D:4      | Reached skill level 8 in Fighting
  6459 | D:5      | Reached XP level 9. HP: 74/97 MP: 2/19
  6779 | D:5      | Killed Edmund
  6780 | D:5      | Reached skill level 9 in Fighting
  7106 | D:6      | Identified the +10 falchion of Dismay {vorpal, rC- Dex+5
                  | Stlth+}
  7145 | D:6      | Reached skill level 5 in Conjurations
  7306 | D:6      | Noticed Menkaure
  7330 | D:6      | Killed Menkaure
  7331 | D:6      | Reached skill level 10 in Fighting
  7513 | D:6      | Offered knowledge of Shock by Vehumet.
  7593 | D:6      | Reached ** piety under Vehumet
  7779 | D:6      | Found a blossoming altar of Fedhas.
  7781 | D:6      | Found a glowing golden altar of the Shining One.
  7781 | D:6      | Noticed Sigmund
  7789 | D:6      | Reached skill level 11 in Fighting
  8338 | D:6      | Found a hazy altar of Hepliaklqana.
  8338 | D:6      | Found a broken altar of Ashenzari.
  8343 | D:6      | Found a hide-covered altar of Uskayaw.
  8347 | D:6      | Found an ornate altar of the Wu Jian Council.
  8347 | D:6      | Found a stormy altar of Qazlal.
  8354 | D:6      | Found a burning altar of Makhleb.
  8355 | D:6      | Found a white marble altar of Elyvilon.
  8450 | D:6      | Killed Sigmund
  8630 | D:7      | Reached skill level 12 in Fighting
  8630 | D:7      | Reached XP level 10. HP: 115/115 MP: 9/20
  8700 | D:7      | Found a flagged portal.
  8774 | Bailey   | Entered a bailey
  8874 | Bailey   | HP: 1/117 [orc warrior/+0 trident (13)]
  8875 | Bailey   | Demolished by an orc warrior

Illustrated notes

Levels and vault maps discovered:
D:1:      evilmike_arrival_plus, layout_basic,
          nicolae_ecumenical_snake_handling, corexii_corridor_pit,
          minmay_hexomino_r4
D:2:      layout_basic, nrook_campfire
D:3:      layout_rooms
D:4:      layout_loops_ring, temple_fountains, gup_sewer_entry_spiral,
          uniq_grinder
D:5:      layout_gridville, minmay_curled_crystal, nicolae_stop_n_shop_2,
          uniq_edmund, uniq_pikel
D:6:      layout_loops_ring, nicolae_overflow_hallway_of_the_gods,
          jmf_multi_god_temple, uniq_sigmund, uniq_menkaure
D:7:      layout_cave_pools, enter_bailey_5, uniq_crazy_yiuf_cottage
Temple:   kb_corrupted_temple
Bailey:   bailey_polearm_5, bailey

Skill      XL: |  1  2  3  4  5  6  7  8  9 |
---------------+----------------------------+-----
Conjurations   | 1 2 4 6 |  6.4
Dodging        | 2 |  2.1
Spellcasting   | 3 4 6 7 |  7.1
Fire Magic     | 3 4 |  4.5
Fighting       | 4 8 12 | 12.4
Stealth        | |  1.7

Action                   |  1- 3 |  4- 6 |  7- 9 | 10-12 || total
-------------------------+-------+-------+-------+-------++-------
Melee: Unarmed           |    22 |       |       |       ||    22
       Dagger            |    22 |    32 |    68 |       ||   122
       Punch             |     1 |     1 |       |       ||     2
       Whip              |       |       |     8 |    32 ||    40
 Cast: Foxfire           |    15 |       |       |       ||    15
       Scorch            |    24 |    65 |   185 |    15 ||   289
  Use: Scroll            |       |     4 |     4 |     1 ||     9
       Potion            |       |     2 |     2 |     2 ||     6
 Stab: Sleeping          |       |       |     1 |       ||     1
Armor: Robe              |    30 |       |       |       ||    30
       Troll leather arm |     3 |    46 |    94 |    31 ||   174
Dodge: Dodged            |    42 |    28 |    71 |    36 ||   177

Table legend: (Time is in decaauts)
 A = Elapsed time spent in this place.
 B = Non-inter-level travel time spent in this place.
 C = Inter-level travel time spent in this place.
 D = Time resting spent in this place.
 E = Time spent auto-exploring this place.
 F = Levels seen in this place.
 G = Mean time per level.
                   A        B        C        D        E       F      G
               +--------+--------+--------+--------+--------+-----+--------+
         Total |   8929 |   8776 |    153 |   1184 |   6140 |   9 |  992.1 |
       Dungeon |   8685 |   8545 |    140 |   1184 |   6027 |   7 | 1240.7 |
        Temple |    140 |    127 |     13 |      0 |    113 |   1 |  140.0 |
        Bailey |    103 |    103 |      0 |      0 |      0 |   1 |  103.0 |
               +--------+--------+--------+--------+--------+-----+--------+

Top non-repeatable levels by time:
     D:4: 1819 daAuts
     D:6: 1753 daAuts
     D:1: 1517 daAuts
     D:5: 1246 daAuts
     D:2: 1243 daAuts
     D:3: 951 daAuts
     D:7: 153 daAuts
  Temple: 140 daAuts
  Bailey: 103 daAuts
